 Dungeon Sprint DCSS version 0.26-a0-662-g8b9c6dab81 (webtiles) character file.

Game seed: 6207734318244760716

106545 mhtbhm the Archmage (level 15, -8/74 HPs)
             Began as a Deep Elf Earth Elementalist on Oct 9, 2020.
             Was the Champion of Vehumet.
             Killed from afar by a golden dragon (52 damage)
             ... with a bolt of fire
             ... in the Dungeon (Sprint III: "The Ten Rune Challenge").
             The game lasted 00:30:33 (6353 turns).

mhtbhm the Archmage (Deep Elf Earth Elementalist)   Turns: 6353, Time: 00:30:34

Health: -8/74      AC: 10    Str:  8    XL:     15   Next: 18%
Magic:  49/57      EV: 23    Int: 27    God:    Vehumet [******]
Gold:   1374       SH:  5    Dex: 15    Spells: 11/68 levels left

rFire    . . .     SeeInvis .   a - +1 dagger (vamp)
rCold    + . .     Faith    .   (no shield)
rNeg     . . .     Spirit   .   o - +2 robe {rC+}
rPois    +         Reflect  +   (helmet restricted)
rElec    .         Harm     .   v - +0 cloak {rPois}
rCorr    .         Rampage  .   w - +2 pair of gloves {Str+3}
MR       +....     NoTele   +   z - +1 pair of boots {run}
Stlth    +++.......             A - amulet of reflection
HPRegen  0.62/turn              b - +4 ring of evasion
MPRegen  0.35/turn              t - ring of magical power

@: lethally poisoned (-8 -> -8), hasted and slowed, quick
A: horns 1, talons 1, regeneration 1
}: 2/10 runes: decaying, barnacled
a: Renounce Religion


You were in the Dungeon.
You worshipped Vehumet.
Vehumet was exalted by your worship.
You visited 1 branch You collected 2161 gold pieces.
You spent 787 gold pieces at shops.

Inventory:

Hand Weapons
 a - a +1 vampiric dagger (weapon)
Missiles
 i - 7 curare-tipped darts (quivered)
 y - 7 silver javelins
Armour
 o - a +2 robe of cold resistance (worn)
 v - a +0 cloak of poison resistance (worn)
 w - a +2 pair of gloves of strength (worn)
 z - a +1 pair of boots of running (worn)
Jewellery
 b - a +4 ring of evasion (left hand)
 q - an uncursed amulet of guardian spirit
 s - an uncursed ring of protection from fire
 t - a ring of magical power (right hand)
 A - an amulet of reflection (around neck)
Wands
 c - a wand of paralysis (4)
 m - a wand of polymorph (9)
 r - a wand of disintegration (4)
 B - a wand of iceblast (9)
Scrolls
 d - a scroll of torment
 h - 2 scrolls of identify
 k - a scroll of immolation
 l - a scroll of remove curse
 p - 5 scrolls of amnesia {unknown}
 C - a scroll of fog {unknown}
Potions
 g - a potion of magic
 j - 3 potions of curing
 n - a potion of might
Miscellaneous
 u - a condenser vane (2/2)


   Skills:
 - Level 1.4 Fighting
 + Level 0.4 Throwing
 + Level 10.8 Dodging
 - Level 3.9 Stealth
 - Level 0.1 Unarmed Combat
 O Level 27 Spellcasting
 + Level 19.6 Conjurations
 + Level 13.2 Transmutations
 + Level 4.7 Fire Magic
 + Level 2.3 Air Magic
 O Level 27 Earth Magic
 + Level 2.8 Poison Magic
 + Level 9.8 Evocations


You had 11 spell levels left.
You knew the following spells:

 Your Spells              Type           Power        Failure   Level
a - Sandblast             Erth           ######       0%          1
b - Passwall              Tmut/Erth      #######.     0%          2
c - Stone Arrow           Conj/Erth      ######       0%          3
d - Lee's Rapid Deconstr  Erth           ########..   0%          5
e - Petrify               Tmut/Erth      #######.     0%          4
f - Mephitic Cloud        Conj/Pois/Air  ######..     1%          3
g - Ignite Poison         Fire/Tmut/Pois ######..     1%          3
h - Bolt of Magma         Conj/Fire/Erth #######...   0%          5
i - Lehudib's Crystal Sp  Conj/Erth      ########..   1%          8
j - Iron Shot             Conj/Erth      ########..   0%          6
k - Ignition              Fire           ######....   83%         8
l - Shatter               Erth           ########..   1%          9

Your spell library contained the following spells:

 Spells                   Type           Power        Failure   Level
 Tornado                  Air            #####.....   100%        9
 Magic Dart               Conj           ####         0%          1
 Conjure Flame            Conj/Fire      #######.     0%          3
 Corona                   Hex            #####..      1%          1
 Blink                    Tloc           N/A          1%          2
 Call Imp                 Summ           #####...     1%          2
 Ensorcelled Hibernation  Hex/Ice        #####.       1%          2
 Slow                     Hex            #####...     1%          2
 Dazzling Flash           Conj/Hex       ######       1%          3
 Inner Flame              Hex/Fire       #####...     1%          3
 Leda's Liquefaction      Hex/Erth       #######...   1%          4
 Confusing Touch          Hex            #####...     2%          3
 Gell's Gravitas          Tloc           #####.....   2%          3
 Portal Projectile        Hex/Tloc       #####.       2%          3
 Teleport Other           Tloc           #####...     2%          3
 Tukima's Dance           Hex            #####...     2%          3
 Cause Fear               Hex            #####.....   8%          4
 Passage of Golubria      Tloc           N/A          8%          4
 Chain Lightning          Conj/Air       #######...   16%         8
 Metabolic Englaciation   Hex/Ice        #####.....   21%         5
 Summon Forest            Summ/Tloc      #####.....   21%         5
 Ozocubu's Refrigeration  Ice            #####.....   28%         6
 Dispersal                Tloc           #####.....   75%         6
 Fire Storm               Conj/Fire      #######...   75%         9
 Absolute Zero            Ice            #####.....   100%        9


Dungeon Overview and Level Annotations

Branches:
Dungeon (1/1)

Altars:
Cheibriados
Dithmenos
Elyvilon
Fedhas
Gozag
Hepliaklqana
Kikubaaqudgha
Makhleb
Nemelex Xobeh
Okawaru
Qazlal
Ru
Sif Muna
Trog
Uskayaw
Vehumet
Wu Jian
Xom
Yredelemnul
Zin
The Shining One
Beogh
Jiyva
Lugonu

Shops:
D }(![!?}[=?:!(:[[}:


Innate Abilities, Weirdness & Mutations

You have a pair of small horns on your head.
You have sharp toenails.
Your natural rate of healing is unusually fast.


Message History

You enter the shallow water.
Moving in this stuff is going to be slow.
You feel sick.
A manticore comes into view.
The manticore changes into a torpor snail!
The titan casts a spell at you. The bolt of lightning misses you.
The bolt of lightning hits the butterfly!!!
The butterfly dies!
You feel sick.
Being near the torpor snail leaves you feeling lethargic.
The golden dragon breathes cold at you. The bolt of cold misses you.
The shadow dragon breathes negative energy at you.
The bolt of negative energy misses you.
You feel sick. The golden dragon breathes fire at you.
The bolt of fire hits you!!!
Ouch! That really hurt!
You die...

########○##...▓
....)))..≈≈≈≈#
.)))..).≈≈°≈≈#
...)(.)#.≈≈≈≈#
.....).#.≈≈≈.#
..))))D#D≈≈≈≈#
..)).....○D§.#
.(.))...C§§§§§
.......#...@§§▓
#################†#
#....†††'.§§§§§§§§#
#.#######§..§§§§§.#
#....)..#..§§.....#
#######.#.§§§§§§.§#
#.......#§§§)§..§.#
#'#################
#.#.#...#§§$)§=[≈†#


You could see a shadow dragon (catching breath), a titan (poisoned) and 2 golden
dragons.

Vanquished Creatures
  Frederick (D)
  Sigmund (D)
  An iron giant (shapeshifter) (D)
  Rupert (D)
  A deep elf blademaster (D)
  A quicksilver dragon (D)
  A kraken (D)
  A lich (D)
  Chuck (D)
  2 shadow dragons (D)
  2 stone giants (D)
  3 deep elf annihilators (D)
  A deep elf death mage (D)
  Josephine (D)
  A deep elf high priest (D)
  A fire dragon (D)
  A yaktaur captain (D)
  2 hydras (D)
  3 centaur warriors (D)
  4 ice dragons (D)
  16 vault guards (D)
  An ogre mage (D)
  4 death yaks (D)
  4 dancing weapons (D)
  A deep elf knight (D)
  Urug (D)
  A death drake (D)
  An unseen horror (D)
  2 skeletal warriors (D)
  2 obsidian statues (D)
  A lindwurm (D)
  6 deep elf magi (D)
  4 crystal guardians (D)
  6 ugly things (D)
  2 black mambas (D)
  A torpor snail (shapeshifter) (D)
  A water nymph (shapeshifter) (D)
  4 statues (D)
  Edmund (D)
  2 cane toads (D)
  3 yaktaurs (D)
  A rime drake (D)
  3 wandering mushrooms (D)
  A komodo dragon (D)
  A queen bee (D)
  4 spriggan defenders (D)
  2 tyrant leeches (D)
  8 blink frogs (D)
  3 orc high priests (D)
  3 slime creatures (D)
  5 snapping turtles (D)
  A shadow (D)
  3 redbacks (D)
  A hydra simulacrum (D)
  A spatial vortex (D)
  A swamp drake (D)
  4 orc warriors (D)
  A necrophage (D)
  2 centaurs (D)
  An earth elemental (D)
  A water elemental (D)
  A scorpion (D)
  32 killer bees (D)
  An electric eel (D)
  2 orc priests (D)
  A jelly (D)
  A necromancer (D)
  5 orc wizards (D)
  A wizard (D)
  A kobold demonologist (D)
  3 humans (D)
  2 oozes (D)
  2 swamp drake simulacra (D)
  8 orcs (D)
  2 rats (D)
  10 butterflies (D)
  A plant (D)
  3 tentacles (D)
217 creatures vanquished.

Vanquished Creatures (others)
  A hydra (D)
  A snapping turtle (D)
  A butterfly (D)
  2 fungi (D)
  16 plants (D)
  9 tentacles (D)
30 creatures vanquished.

Grand Total: 247 creatures vanquished

Notes
Turn   | Place    | Note
-------+----------+-------------------------------------------
     0 | D        | mhtbhm the Deep Elf Earth Elementalist began the quest for
                  | the Orb.
     0 | D        | Reached XP level 1. HP: 10/10 MP: 6/6
    12 | D        | Reached XP level 2. HP: 15/15 MP: 2/8
   104 | D        | Noticed a scorpion
   114 | D        | Killed a scorpion
   114 | D        | Reached XP level 3. HP: 9/19 MP: 1/12
   147 | D        | Reached XP level 4. HP: 15/24 MP: 1/14
   198 | D        | Learned a level 2 spell: Passwall
   202 | D        | Learned a level 3 spell: Stone Arrow
   218 | D        | Gained mutation: Your magical capacity is low. (-10% MP)
                  | [potion of mutation]
   218 | D        | Gained mutation: Your mind is acute. (Int +2) [potion of
                  | mutation]
   219 | D        | Lost mutation: Your magical capacity is low. (-10% MP)
                  | [potion of mutation]
   219 | D        | Lost mutation: Your mind is acute. (Int +2) [potion of
                  | mutation]
   219 | D        | Gained mutation: Your natural rate of healing is unusually
                  | fast. [potion of mutation]
   219 | D        | Gained mutation: You have sharp toenails. [potion of
                  | mutation]
   219 | D        | Gained mutation: You have a pair of small horns on your
                  | head. [potion of mutation]
   236 | D        | Noticed a water elemental
   240 | D        | Killed a water elemental
   281 | D        | Found a radiant altar of Vehumet.
   281 | D        | Found a shimmering blue altar of Sif Muna.
   281 | D        | Found an ancient bone altar of Kikubaaqudgha.
   281 | D        | Noticed a wizard
   282 | D        | Killed a wizard
   282 | D        | Reached XP level 5. HP: 28/28 MP: 16/18
   290 | D        | Became a worshipper of Vehumet
   314 | D        | Learned a level 5 spell: Lee's Rapid Deconstruction
   319 | D        | Learned a level 4 spell: Petrify
   323 | D        | Learned a level 3 spell: Mephitic Cloud
   362 | D        | Found a basalt altar of Yredelemnul.
   362 | D        | Found a shadowy altar of Dithmenos.
   362 | D        | Found a sacrificial altar of Ru.
   362 | D        | Noticed a necrophage
   363 | D        | Killed a necrophage
   363 | D        | Reached skill level 5 in Dodging
   363 | D        | Reached skill level 10 in Spellcasting
   363 | D        | Reached XP level 6. HP: 33/33 MP: 13/21
   410 | D        | Found a hide-covered altar of Uskayaw.
   410 | D        | Found a roughly hewn altar of Beogh.
   410 | D        | Found an iron altar of Okawaru.
   410 | D        | Found a bloodstained altar of Trog.
   410 | D        | Found an ornate altar of the Wu Jian Council.
   410 | D        | Noticed a human
   410 | D        | Noticed a human
   412 | D        | Killed a human
   412 | D        | Reached * piety under Vehumet
   412 | D        | Offered knowledge of Shock by Vehumet.
   412 | D        | Reached skill level 10 in Earth Magic
   414 | D        | Killed a human
   414 | D        | Reached XP level 7. HP: 37/37 MP: 6/25
   514 | D        | Found a glowing silver altar of Zin.
   514 | D        | Found a glowing golden altar of the Shining One.
   514 | D        | Found a white marble altar of Elyvilon.
   514 | D        | Noticed a deep elf mage
   516 | D        | Killed a deep elf mage
   516 | D        | Reached skill level 1 in Fighting
   516 | D        | Reached skill level 15 in Spellcasting
   611 | D        | Offered knowledge of Foxfire by Vehumet.
   611 | D        | Reached ** piety under Vehumet
   611 | D        | Reached XP level 8. HP: 43/43 MP: 23/29
   689 | D        | Found a blossoming altar of Fedhas.
   689 | D        | Found a stormy altar of Qazlal.
   689 | D        | Found a snail-covered altar of Cheibriados.
   689 | D        | Found a burning altar of Makhleb.
   689 | D        | Found a shimmering altar of Xom.
   690 | D        | Found a hazy altar of Hepliaklqana.
   690 | D        | Found an opulent altar of Gozag.
   690 | D        | Found a sparkling altar of Nemelex Xobeh.
   690 | D        | Found a corrupted altar of Lugonu.
   690 | D        | Found a viscous altar of Jiyva.
   747 | D        | Noticed Josephine
   762 | D        | Killed Josephine
   762 | D        | Offered knowledge of Searing Ray by Vehumet.
   762 | D        | Reached XP level 9. HP: 45/47 MP: 6/32
   894 | D        | Reached *** piety under Vehumet
   965 | D        | Noticed a centaur warrior
   966 | D        | Offered knowledge of Ignite Poison by Vehumet.
   966 | D        | Killed a centaur warrior
  1043 | D        | Killed an unseen horror
  1043 | D        | Reached **** piety under Vehumet
  1043 | D        | Reached skill level 15 in Earth Magic
  1087 | D        | Noticed a wandering mushroom
  1091 | D        | Noticed a wandering mushroom
  1096 | D        | Learned a level 3 spell: Ignite Poison
  1099 | D        | Killed a wandering mushroom
  1099 | D        | Offered knowledge of Dazzling Flash by Vehumet.
  1102 | D        | Noticed a wandering mushroom
  1108 | D        | Killed a wandering mushroom
  1108 | D        | Reached XP level 10. HP: 52/52 MP: 20/36
  1112 | D        | Reached skill level 1 in Conjurations
  1229 | D        | Reached ***** piety under Vehumet
  1229 | D        | Offered knowledge of Bolt of Magma by Vehumet.
  1255 | D        | Reached ****** piety under Vehumet
  1259 | D        | Found Xan Etot's Distillery.
  1430 | D        | Learned a level 5 spell: Bolt of Magma
  1430 | D        | Noticed a deep elf mage
  1430 | D        | Noticed a deep elf knight
  1430 | D        | Noticed a deep elf mage
  1430 | D        | Noticed a deep elf mage
  1430 | D        | Noticed a deep elf mage
  1438 | D        | Killed a deep elf mage
  1438 | D        | Offered knowledge of Ozocubu's Refrigeration by Vehumet.
  1439 | D        | Killed a deep elf mage
  1441 | D        | Killed a deep elf knight
  1442 | D        | Killed a deep elf mage
  1442 | D        | Reached skill level 1 in Evocations
  1443 | D        | Killed a deep elf mage
  1515 | D        | Noticed a deep elf annihilator
  1522 | D        | Noticed a deep elf annihilator
  1526 | D        | Noticed a deep elf death mage
  1527 | D        | Noticed a deep elf blademaster
  1527 | D        | Noticed a deep elf high priest
  1628 | D        | Noticed a deep elf mage
  1716 | D        | Noticed a deep elf annihilator
  1717 | D        | Killed a deep elf mage
  1719 | D        | Killed a deep elf death mage
  1719 | D        | Reached skill level 1 in Fire Magic
  1719 | D        | Reached XP level 11. HP: 56/56 MP: 26/39
  1725 | D        | Killed a deep elf annihilator
  1780 | D        | Killed a deep elf annihilator
  1780 | D        | Offered knowledge of Conjure Ball Lightning by Vehumet.
  1972 | D        | Killed a deep elf annihilator
  1972 | D        | Reached skill level 1 in Poison Magic
  1979 | D        | Killed a deep elf high priest
  2101 | D        | Killed a deep elf blademaster
  2108 | D        | Found the +9 staff of Wucad Mu {channel}
  2119 | D        | Identified the Guide on Flamy Dislocation
  2124 | D        | Identified the Grimoire of Dislocation and Cold
  2224 | D        | Learned a level 8 spell: Lehudib's Crystal Spear
  2288 | D        | Offered knowledge of Spellforged Servitor by Vehumet.
  2412 | D        | Reached XP level 12. HP: 61/61 MP: 43/43
  2489 | D        | Offered knowledge of Freezing Cloud by Vehumet.
  2673 | D        | Noticed Urug
  2676 | D        | Killed Urug
  2707 | D        | Noticed a four-headed hydra
  2707 | D        | Noticed an eight-headed hydra
  2722 | D        | Killed an eight-headed hydra
  2722 | D        | Killed a four-headed hydra
  2722 | D        | Offered knowledge of Iskenderun's Battlesphere by Vehumet.
  2785 | D        | Noticed a kraken
  2793 | D        | HP: 3/61 [tentacle[a kraken] (16)]
  3064 | D        | Killed a kraken
  3501 | D        | Found Mali's Gadget Boutique.
  3501 | D        | Found Oczay's Magic Scroll Shop.
  3501 | D        | Found Bedeb's Antique Armour Emporium.
  3522 | D        | Got a barnacled rune of Zot
  3616 | D        | Noticed Sigmund
  3616 | D        | Noticed Edmund
  3624 | D        | Killed Sigmund
  3624 | D        | Reached skill level 27 in Spellcasting
  3628 | D        | Killed Edmund
  3628 | D        | Offered knowledge of Iron Shot by Vehumet.
  3748 | D        | Learned a level 6 spell: Iron Shot
  3765 | D        | Reached XP level 13. HP: 49/65 MP: 33/46
  3887 | D        | Found Fero's Antique Armour Shop.
  3887 | D        | Found Sair Kyp's Book Shoppe.
  3887 | D        | Found Timiys's Antique Weapon Emporium.
  3887 | D        | Found Hifib's Book Boutique.
  3887 | D        | Found Jerorileps's Book Emporium.
  3887 | D        | Found Kiesager's Distillery.
  3887 | D        | Found Xadghyeho's Magic Scroll Shoppe.
  3887 | D        | Found Saggum's Gadget Emporium.
  3887 | D        | Found Aduofuf's Jewellery Shop.
  3887 | D        | Found Buclafuo's Armour Boutique.
  3887 | D        | Found Cumevina's Antique Armour Emporium.
  3928 | D        | Learned a level 8 spell: Ignition
  3935 | D        | Bought a pair of glowing boots for 217 gold pieces
  3946 | D        | Identified a +1 pair of boots of running (You bought it in
                  | a shop in the Dungeon)
  3950 | D        | Bought an uncursed amulet of reflection for 330 gold pieces
  3985 | D        | Offered knowledge of Shatter by Vehumet.
  3985 | D        | Offered knowledge of Tornado by Vehumet.
  4105 | D        | Learned a level 9 spell: Shatter
  4259 | D        | Reached skill level 5 in Conjurations
  4372 | D        | Noticed Rupert
  4376 | D        | Killed Rupert
  4640 | D        | Noticed an azure jelly
  4640 | D        | Noticed an azure jelly
  4939 | D        | Found Liabiwiw's Gadget Shoppe.
  4939 | D        | Found Jivem's Antique Weapon Boutique.
  4939 | D        | Found Hapnar's Distillery.
  4949 | D        | Bought a potion of haste for 120 gold pieces
  4949 | D        | Bought 2 potions of heal wounds for 120 gold pieces
  4997 | D        | Got a decaying rune of Zot
  5103 | D        | Noticed an azure jelly
  5103 | D        | Noticed an azure jelly
  5320 | D        | Noticed a fire dragon
  5330 | D        | Killed a fire dragon
  5445 | D        | Reached skill level 1 in Air Magic
  5491 | D        | Reached XP level 14. HP: 70/70 MP: 40/47
  5575 | D        | Reached skill level 27 in Earth Magic
  5583 | D        | Reached skill level 5 in Evocations
  5671 | D        | Noticed a caustic shrike
  5673 | D        | Noticed an iron dragon
  5673 | D        | a caustic shrike changed into an iron dragon
  5676 | D        | Noticed an iron giant
  5676 | D        | an iron dragon changed into an iron giant
  5680 | D        | Killed an iron giant
  5805 | D        | Noticed Chuck
  5838 | D        | Killed Chuck
  5838 | D        | Reached skill level 10 in Conjurations
  5912 | D        | Noticed Frederick
  5916 | D        | Killed Frederick
  5916 | D        | Reached skill level 10 in Transmutations
  5931 | D        | Noticed a lich
  5934 | D        | Killed a lich
  6109 | D        | Noticed a shadow dragon
  6110 | D        | Noticed a shadow dragon
  6127 | D        | Killed a shadow dragon
  6130 | D        | Killed a shadow dragon
  6270 | D        | Reached skill level 15 in Conjurations
  6337 | D        | Noticed a golden dragon
  6337 | D        | Noticed a golden dragon
  6337 | D        | Noticed a quicksilver dragon
  6337 | D        | Noticed a golden dragon
  6337 | D        | Noticed a stone giant
  6337 | D        | Noticed a shadow dragon
  6337 | D        | Noticed a stone giant
  6339 | D        | Noticed a titan
  6339 | D        | Killed a stone giant
  6340 | D        | Reached skill level 10 in Dodging
  6340 | D        | Killed a stone giant
  6340 | D        | Reached XP level 15. HP: 74/74 MP: 48/48
  6341 | D        | Killed a quicksilver dragon
  6353 | D        | Killed from afar by a golden dragon

Illustrated notes

Levels and vault maps discovered:
D:        dungeon_sprint_mu [sprint_mu_entry_cave, sprint_mu_temple_rooms,
          sprint_mu_d1_horrors, sprint_mu_d2_genie, sprint_mu_d3_branching,
          sprint_mu_orc_legion, sprint_mu_elf_gauntlet, sprint_mu_hive_nellie,
          sprint_mu_lair_fedhas, sprint_mu_vaults_butterflies,
          sprint_mu_slime_circle, sprint_mu_swamp_cave, sprint_mu_shoals_kraken,
          sprint_mu_blade_basic, sprint_mu_crypt_lich, sprint_mu_tomb_spiral,
          sprint_mu_vestibule_basic, sprint_mu_gehenna_hellfire,
          sprint_mu_dis_giant, sprint_mu_tartarus_statrot,
          sprint_mu_cocytus_islands, sprint_mu_zot1]

Skill      XL: |  1  2  3  4  5  6  7  8  9 10 11 12 13 14 15 |
---------------+----------------------------------------------+-----
Earth Magic    | 4 6 7 8 9 11 12 14 15 17 19 22 26 27 | 27.0
Dodging        | 3 4 5 6 7 10 | 10.8
Stealth        | 3 |  3.9
Spellcasting   | 6 8 10 13 15 17 20 22 25 27 | 27.0
Fighting       | 1 |  1.4
Conjurations   | 2 4 7 18 19 | 19.6
Transmutations | 2 3 6 7 12 13 | 13.2
Evocations     | 1 3 9 |  9.8
Fire Magic     | 1 3 4 |  4.7
Poison Magic   | 1 2 |  2.8
Air Magic      | 1 2 |  2.3
Throwing       | |  0.4
Unarmed Combat | |  0.1

Action                   |  1- 3 |  4- 6 |  7- 9 | 10-12 | 13-15 || total
-------------------------+-------+-------+-------+-------+-------++-------
Melee: Unarmed           |     8 |       |       |       |       ||     8
       Dagger            |       |       |       |     8 |     1 ||     9
       Headbutt          |       |       |       |     1 |     1 ||     2
       Staff             |       |       |       |       |     3 ||     3
Throw: Dart              |       |       |       |       |     1 ||     1
 Cast: Sandblast         |    19 |     8 |       |     3 |       ||    30
       Lee's Rapid Decon |       |     3 |    22 |   112 |   103 ||   240
       Stone Arrow       |       |     1 |     6 |     5 |     5 ||    17
       Petrify           |       |       |     1 |    23 |    10 ||    34
       Bolt of Magma     |       |       |       |    10 |     6 ||    16
       Mephitic Cloud    |       |       |       |     4 |     1 ||     5
       Passwall          |       |       |       |     2 |       ||     2
       Ignite Poison     |       |       |       |     2 |       ||     2
       Lehudib's Crystal |       |       |       |       |    12 ||    12
       Iron Shot         |       |       |       |       |     2 ||     2
       Shatter           |       |       |       |       |     4 ||     4
Evoke: Wand              |       |       |       |     2 |     5 ||     7
       Condenser vane    |       |       |       |     4 |     4 ||     8
  Use: Potion            |     2 |     2 |       |     4 |     6 ||    14
       Scroll            |       |       |       |     4 |       ||     4
Armor: Robe              |     2 |       |       |     5 |       ||     7
Dodge: Dodged            |     8 |     1 |       |    37 |    15 ||    61
Block: Other             |       |       |       |       |     1 ||     1
       Reflection        |       |       |       |       |     1 ||     1

Table legend: (Time is in decaauts)
 A = Elapsed time spent in this place.
 B = Non-inter-level travel time spent in this place.
 C = Inter-level travel time spent in this place.
 D = Time resting spent in this place.
 E = Time spent auto-exploring this place.
 F = Levels seen in this place.
 G = Mean time per level.
                   A        B        C        D        E       F      G
               +--------+--------+--------+--------+--------+-----+--------+
         Total |   6335 |   6335 |      0 |   4139 |     14 |   1 | 6335.0 |
       Dungeon |   6335 |   6335 |      0 |   4139 |     14 |   1 | 6335.0 |
               +--------+--------+--------+--------+--------+-----+--------+

Top non-repeatable levels by time:
       D: 6335 daAuts
